 Dungeon Crawl Stone Soup version 0.25-a0-1113-g0499d652a8 (webtiles) character file.

Game seed: 10746411140121299060, levelgen mode: classic

60 Amnesiac the Ogre Mage (level 4, -1/60 HPs)
             Began as an Ogre Wizard on May 16, 2020.
             Slain by Purgy (3 damage)
             ... on level 3 of the Dungeon.
             The game lasted 00:04:26 (1891 turns).

Amnesiac the Ogre Mage (Ogre Wizard)                Turns: 1891, Time: 00:04:26

Health: -1/60      AC:  3    Str: 12    XL:     4   Next: 4%
Magic:  1/10       EV: 10    Int: 19    God:
Gold:   59         SH:  0    Dex:  7    Spells: 3/11 levels left

rFire    . . .     SeeInvis .   a - +0 club
rCold    . . .     Gourm    .   (no shield)
rNeg     . . .     Faith    .   k - +0 robe
rPois    .         Spirit   .   b - +0 hat
rElec    .         Reflect  .   (no cloak)
rCorr    .         Harm     .   (gloves unavailable)
MR       .....                  (boots unavailable)
Stlth    ..........             (no amulet)
HPRegen  0.20/turn              (no ring)
MPRegen  0.12/turn              (no ring)

@: berserking (expiring), very quick
A: large, unfitting armour, tough skin 1
a: no special abilities


You were on level 3 of the Dungeon.
You were not hungry.

You visited 1 branch of the dungeon, and saw 3 of its levels.

You collected 59 gold pieces.

Inventory:

Hand Weapons
 a - a +0 club (weapon)
 p - a +1 short sword of protection
Armour
 b - a +0 hat (worn)
 k - a +0 robe (worn)
 m - a +0 kite shield
Scrolls
 e - 2 scrolls of identify {!r, unknown}
 h - a scroll of enchant armour {!r, unknown}
 i - a scroll of fear {!r, unknown}
 j - a scroll of remove curse {!r, unknown}
 l - a scroll of teleportation {!r, unknown}
 o - a scroll of enchant weapon {!r, unknown}
Potions
 g - a potion of resistance {!q, unknown}
 n - a potion of lignification {!q, unknown}
Comestibles
 d - 8 rations
 f - 3 chunks of flesh


   Skills:
 + Level 0.6 Fighting
 * Level 0.7 Maces & Flails
 - Level 1.7 Dodging
 - Level 1.4 Stealth
 - Level 4.0 Spellcasting
 * Level 2.8 Conjurations
 - Level 0.8 Summonings
 - Level 0.8 Translocations


You had 3 spell levels left.
You knew the following spells:

 Your Spells              Type           Power        Failure   Level  Hunger
a - Magic Dart            Conj           ##..         4%          1    None
b - Call Imp              Summ           #.......     14%         2    ##.....
e - Mephitic Cloud        Conj/Pois/Air  #.......     28%         3    ###....
v - Blink                 Tloc           N/A          14%         2    ##.....

Your spell library contained the following spells:

 Spells                   Type           Power        Failure   Level  Hunger
 Slow                     Hex            #.......     21%         2    ##.....
 Conjure Flame            Conj/Fire      #.......     22%         3    ###....


Dungeon Overview and Level Annotations

Branches:
Dungeon (3/15)

Altars:
Elyvilon
Wu Jian

Annotations:
D:3 Purgy


Innate Abilities, Weirdness & Mutations

You are too large for most types of armour.
You have tough skin. (AC +1)


Message History

The leopard gecko barely misses you.
Purgy looks very sad for a moment.
The leopard gecko bites you.
* * * LOW HITPOINT WARNING * * *
The leopard gecko barely misses you.
Found 19 stones.
The leopard gecko closely misses you.
Found 16 arrows.
Found a white marble altar of Elyvilon.
A bat and a kobold come into view.
The kobold shouts!
You hear an angry hiss.
The kobold throws a stone.
The stone misses you.
Found 3 boomerangs.
You see here a stone.
Casting: Magic Dart (safe; 4% risk of failure)
Confirm with . or Enter, or press ? or * to list all spells.
A beastly little devil appears in a puff of flame.
Your shadow imp disappears in a puff of smoke!
The leopard gecko bites you but does no damage.
A ball python comes into view.
An orc comes into view. It is wielding a -1 hand axe.
The bat hits you.
* * * LOW HITPOINT WARNING * * *
The kobold throws a stone.
The stone hits you.
* * * LOW HITPOINT WARNING * * *
Your crimson imp blinks!
Your magical contamination has completely faded away.
You see here a stone.
The leopard gecko barely misses you. The bat hits you but does no damage.
The leopard gecko bites you but does no damage.
Really quaff
c - a smoky black potion {!q}?
It was a potion of berserk rage {!q}.
A red film seems to cover your vision as you go berserk!
You feel yourself moving faster!
You feel mighty! The bat hits you.
* * * LOW HITPOINT WARNING * * *
The leopard gecko closely misses you.
Your crimson imp blinks!
You barely miss the leopard gecko. The bat barely misses you.
The leopard gecko barely misses you. The bat hits you but does no damage.
You miss the bat. The bat misses you.
The kobold throws a stone.
The stone hits your crimson imp. The leopard gecko closely misses you.
You hit Purgy.
Purgy is lightly wounded.
The leopard gecko bites you but does no damage.
The kobold closely misses your crimson imp.
You barely miss Purgy.
Purgy is lightly wounded.
Purgy barely misses you. Purgy claws you but does no damage.
Purgy barely misses you. The leopard gecko bites you.
* * * LOW HITPOINT WARNING * * *
You sock Purgy!
Purgy is heavily wounded.
The kobold throws a stone.
The stone hits your crimson imp but does no damage.
Purgy closely misses you. Purgy claws you but does no damage. Purgy claws you.
* * * LOW HITPOINT WARNING * * *
The leopard gecko closely misses you.
You barely miss Purgy.
Purgy is heavily wounded.
The bat dies!
Purgy misses you. Purgy claws you.
* * * LOW HITPOINT WARNING * * *
Purgy claws you.
You die...

........ . .......
..[....... # ######
(......... .# .....#
#....##... ##.#
.....#+###....##.# ....#
.................# ....#.
................@###......
.†..............Tl†K......
..<.........%...#So5......
...†............#.(...(.(.
..........<......(...#....
..........=..#######......
.............# ### ......
.....#+##....# ### ......
..###. ......+ ._. .....


You could see Purgy, an orc, a leopard gecko, a ball python, a kobold and a
friendly crimson imp (summoned).

Vanquished Creatures
  An ooze (D:1)
  2 leopard geckos
  4 giant cockroaches
  7 goblins
  6 hobgoblins
  6 jackals
  2 ball pythons (D:1)
  7 bats
  5 frilled lizards
  2 kobolds (D:2)
  5 rats (D:1)
47 creatures vanquished.

Vanquished Creatures (collateral kills)
  A worm (D:2)
  A quokka (D:3)
  A bat (D:3)
3 creatures vanquished.

Grand Total: 50 creatures vanquished

Notes
Turn   | Place    | Note
-------+----------+-------------------------------------------
     0 | D:1      | Amnesiac the Ogre Wizard began the quest for the Orb.
     0 | D:1      | Reached XP level 1. HP: 16/16 MP: 5/5
    69 | D:1      | Reached skill level 1 in Conjurations
   228 | D:1      | Reached XP level 2. HP: 24/24 MP: 1/6
   431 | D:1      | Reached skill level 4 in Spellcasting
   435 | D:1      | Learned a level 2 spell: Blink
   438 | D:1      | Learned a level 2 spell: Call Imp
   694 | D:1      | Reached XP level 3. HP: 31/31 MP: 3/8
   787 | D:1      | Learned a level 3 spell: Mephitic Cloud
  1695 | D:2      | Found an ornate altar of the Wu Jian Council.
  1800 | D:2      | Reached XP level 4. HP: 36/40 MP: 3/10
  1847 | D:3      | Noticed Purgy
  1877 | D:3      | Found a white marble altar of Elyvilon.
  1890 | D:3      | HP: 3/60 [Purgy (1)]
  1891 | D:3      | Slain by Purgy

Illustrated notes

Levels and vault maps discovered:
D:1:      matt_arrival_refuge, layout_basic
D:2:      layout_loops_corners, nicolae_overflow_hidden_temple, first_ration
D:3:      layout_basic, lemuel_doored_altar, lemuel_coloured_pillars_altar,
          minmay_misc_feat_hallway, uniq_purgy, uniq_sigmund, uniq_terence

Skill      XL: |  1  2 |
---------------+-------+-----
Conjurations   | 1 2 |  2.8
Spellcasting   | 4 |  4.0
Fighting       | |  0.6
Maces & Flails | |  0.7
Dodging        | |  1.7
Stealth        | |  1.4
Summonings     | |  0.8
Translocations | |  0.8

Action                   |  1- 3 |  4- 6 || total
-------------------------+-------+-------++-------
Melee: Unarmed           |    57 |       ||    57
       Club              |     4 |    10 ||    14
 Cast: Magic Dart        |    98 |     4 ||   102
       Call Imp          |     1 |     4 ||     5
  Use: Potion            |       |     1 ||     1
  Eat: Chunk             |     3 |       ||     3
Armor: Robe              |    24 |    14 ||    38
Dodge: Dodged            |    62 |    38 ||   100

Table legend:
 A = Non-vault XP
 B = Vault XP
 C = Vault XP percentage of total XP
 D = Non-vault monster count
 E = Vault monster count
 F = Vault count percentage of total count
                 A         B        C        D         E       F
            +---------+---------+-------+---------+---------+-------
      Total |      86 |       0 |   0.0 |      50 |       0 |   0.0
            +---------+---------+-------+---------+---------+-------
        D:1 |      53 |       0 |   0.0 |      30 |       0 |   0.0
        D:2 |      29 |       0 |   0.0 |      17 |       0 |   0.0
        D:3 |       4 |       0 |   0.0 |       3 |       0 |   0.0
            +---------+---------+-------+---------+---------+-------
